[Event "Team 45 45 League T63"]
[Site "Internet Chess Club"]
[Date "2014.12.01"]
[Round "1"]
[White "fledermaus"]
[Black "WillC"]
[Result "1/2-1/2"]
[WhiteElo "1928"]
[BlackElo "1747"]
[Opening "QGD: 4.Nf3"]
[ECO "D37"]
[Time "16:03:30"]
[TimeControl "2700+45"]

1. d4 d5 2. Nf3 Nf6 3. c4 e6 4. Nc3 Be7 5. Bg5 Nbd7 6. e3 b6 7. Bxf6 Nxf6 8.
cxd5 exd5 9. Bb5+ Bd7 10. Bxd7+ Qxd7 11. Ne5 Qd6 12. Qa4+ Kf8 13. Rc1 g6 14. Nb5
Qb4+ 15. Qxb4 Bxb4+ 16. Ke2 c5 17. a3 Ba5 18. Nd6 c4 19. Ndxf7 Rg8 20. Ng5 b5
21. f3 Bb6 22. g4 h6 23. Ne6+ Ke7 24. Nf4 g5 25. Nfg6+ Ke6 26. h4 a5 27. hxg5
hxg5 28. f4 gxf4 29. exf4 Bxd4 30. f5+ Kd6 31. Nf7+ Kc5 32. b4+ axb4 33. Ng5
Rge8+ 34. Ne6+ Kd6 35. axb4 Ra2+ 36. Kd1 Be3 37. Rc2 Ra1+ 38. Ke2 Rxh1 39. Kxe3
Rh3+ 40. Kf4 Rb3 41. Ra2 Rc8 42. Ra6+ Rc6 43. Ra8 Rxb4 44. Rd8+ Nd7 45. Ngf8 c3+
46. Kg5 c2 47. Rxd7+ Ke5 48. Ng6+ Ke4 49. Re7 c1=Q+ 50. Nef4+ Kf3 51. Ne5+ Kg3
52. Nd3 Qd2 53. Re2 Qxf4+ 54. Nxf4 Rxf4 55. Re3+ Rf3 56. Re5 b4 57. Rxd5 b3 58.
Rb5 Rf2 59. Rxb3+ Kg2 60. Re3 Rc4 61. Re6 Rff4 62. Rg6 Kf3 63. Kh6 Rxg4 64. Rxg4
Kxg4 65. f6 Kf5 66. f7 Ke4 {Game drawn by mutual agreement} 1/2-1/2

[Event "Team 45 45 League T63"]
[Site "Internet Chess Club"]
[Date "2014.12.03"]
[Round "1"]
[White "beitmery"]
[Black "parrot9"]
[Result "1/2-1/2"]
[WhiteElo "1661"]
[BlackElo "1700"]
[Opening "QGD semi-Slav: 5...Nd7"]
[ECO "D45"]
[Time "14:25:27"]
[TimeControl "2700+45"]

1. d4 d5 2. c4 c6 3. Nf3 Nf6 4. Nc3 e6 5. e3 Nbd7 6. cxd5 cxd5 7. Bd3 Be7 8. O-O
a6 9. Qe2 b5 10. Bd2 Bb7 11. a4 b4 12. Na2 a5 13. Nc1 O-O 14. Nb3 Qb6 15. Rfc1
Rac8 16. h3 Ne4 17. Bb5 Ndf6 18. Be1 Rfd8 19. Ne5 Nd6 20. Nc5 Ba8 21. Ned7 Nxd7
22. Nxd7 Qa7 23. Nc5 Nxb5 24. Qxb5 Bc6 25. Qe2 h6 26. b3 e5 27. Qg4 Bxc5 28.
Rxc5 Bd7 29. Rxc8 Rxc8 30. Qd1 Qc7 31. dxe5 Qxe5 32. Rc1 Rxc1 33. Qxc1 Bf5 34.
f3 Be6 35. Bf2 Qc3 36. Qxc3 bxc3 37. Be1 c2 38. Bd2 d4 39. exd4 Bxb3 40. Kf2
Bxa4 41. Ke3 Bb5 42. g3 a4 43. Bc1 Bc4 44. Kd2 Bb3 45. Kc3 Kf8 46. Ba3+ Ke8 47.
f4 Kd7 48. d5 Bxd5 49. Kxc2 Ke6 50. Kd3 Kf5 51. Ke3 Bg2 52. g4+ Kg6 53. h4 f6
54. f5+ Kf7 55. Kf4 Bd5 {Game drawn by mutual agreement} 1/2-1/2

[Event "Team 45 45 League T63"]
[Site "Internet Chess Club"]
[Date "2014.11.28"]
[Round "1"]
[White "hondocando"]
[Black "bondguy01"]
[Result "0-1"]
[WhiteElo "1596"]
[BlackElo "1770"]
[Opening "Vienna: Paulsen-Mieses variation"]
[ECO "C26"]
[Time "18:00:24"]
[TimeControl "2700+45"]

1. e4 e5 2. Nc3 Nf6 3. g3 Bc5 4. Bg2 Nc6 5. d3 a6 6. Be3 d6 7. Bxc5 dxc5 8. Qd2
Be6 9. a4 Qd7 10. f4 Qd6 11. f5 Bc8 12. Nf3 b6 13. O-O Bb7 14. Kh1 O-O-O 15.
Rfd1 h6 16. Ne2 Rd7 17. Qc3 Ng4 18. Rd2 Nf6 19. Rad1 Ng4 20. Re1 Kb8 21. h3 Ne3
22. Nc1 Nxg2 23. Kxg2 Nd4 24. Nb3 g6 25. Nbxd4 cxd4 26. Qa3 c5 27. fxg6 fxg6 28.
Nh4 Rf7 29. Rf2 Rhf8 30. Ref1 Rxf2+ 31. Rxf2 Rxf2+ 32. Kxf2 Qf6+ 33. Kg2 g5 34.
Nf5 Qxf5 35. Qb3 Qf6 36. c3 dxc3 37. Qxc3 Qd6 38. Kf3 Qd4 39. Qxd4 cxd4 40. Kg4
Bc8+ 41. Kh5 Bxh3 42. Kxh6 Bf1 43. Kxg5 Bxd3 44. Kf5 Bc2 45. g4 d3 46. g5 d2 47.
g6 Bxe4+ 48. Kxe4 d1=Q 49. Kxe5 Qd8 50. Ke6 Qg8+ 51. Kf6 Kc7 52. g7 Kc6 53. b4
b5 54. a5 Kd5 55. Ke7 Kc4 56. Kd6 Kxb4 57. Kc6 Kxa5 58. Kb7 Qxg7+ 59. Kb8 b4
{White resigns} 0-1